Cogmind - Beta 14 @@@ ROGUE MODE // 2025.01.06 @ 20:31:19 Player: Bingus Khan Result: Self-destructed Performance ------------- Evolutions (1) 500 Regions Visited (3) 600 Robots Destroyed (15) 75 Value Destroyed (307) 307 Prototype IDs (0) 0 Alien Tech Used (0) 0 Bonus (0) 0 TOTAL SCORE: 1482 Bonus ------- None Cogmind --------- Core Integrity 400/400 Matter 182/300 Energy 250/250 System Corruption 0% Temperature Cool (0) Movement Walking (180) Ox1 Location -9/Materials Parts ------- > --- POWER (1) -------- Ion Engine > --- PROPULSION (2) --- VSS Leg VSS Leg > --- UTILITY (3) ------ Heat Sink Small Storage Unit Shield Generator > --- WEAPON (3) ------- Light EM Pulse Cannon Heavy Assault Rifle Bore Cannon > --- INVENTORY (8) ---- Ion Engine Medium Storage Unit Large Storage Unit Targeting Computer Hardened Light Armor Plating Hardened Medium Armor Plating Grenade Launcher Peak State ------------ > --- POWER ------------ Ion Engine > --- PROPULSION ------- VSS Leg VSS Leg > --- UTILITY ---------- Medium Storage Unit Hardened Medium Armor Plating Shield Generator > --- WEAPON ----------- Light EM Pulse Cannon Heavy Assault Rifle Bore Cannon > --- INVENTORY -------- Ion Engine Aluminum Leg Aluminum Leg Heat Sink Small Storage Unit Large Storage Unit Targeting Computer Hardened Light Armor Plating Grenade Launcher [Rating: 23] Favorites ----------- Power Ion Engine Engine Ion Engine Propulsion Light Treads Treads Light Treads Leg VSS Leg Utility Small Storage Unit Device Shield Generator Storage Small Storage Unit Protection Hardened Light Armor Plating Weapon Assault Rifle Energy Cannon Beam Cannon Ballistic Gun Assault Rifle Ballistic Cannon Bore Cannon Launcher Grenade Launcher Build | -11 -10 -10 -9 ------- Run | Yrd Mat Min Mat Slots Evolved 2 | . . . 2 Power . | . . . . Propulsion . | . . . . Utility 1 | . . . 1 Weapon 1 | . . . 1 Parts Attached 27 | 6 4 7 10 Power 1 | 1 . . . Engine 1 | 1 . . . Core . | . . . . Reactor . | . . . . Propulsion 5 | 2 . 1 2 Treads 3 | 2 . 1 . Leg 2 | . . . 2 Wheel . | . . . . Hover . | . . . . Flight . | . . . . Utility 10 | 1 2 . 7 Device 2 | . . . 2 Storage 5 | 1 1 . 3 Processor . | . . . . Hackware . | . . . . Protection 3 | . 1 . 2 Artifact . | . . . . Weapon 11 | 2 2 6 1 Energy Gun . | . . . . Energy Cannon 4 | . 1 2 1 Ballistic Gun 4 | 2 1 1 . Ballistic Cannon 1 | . . 1 . Launcher 2 | . . 2 . Special Weapon . | . . . . Impact Weapon . | . . . . Slashing Weapon . | . . . . Piercing Weapon . | . . . . Special Melee Weapon . | . . . . Unidentified Prototypes . | . . . . Parts Lost . | . . . . Power . | . . . . Propulsion . | . . . . Utility . | . . . . Weapon . | . . . . Highest Loss Streak . | . . . . To Critical Strikes . | . . . . Average Slot Usage (%) 99 | . 99 99 99 Engine 13 | . 14 14 11 Treads 25 | . 28 28 5 Leg 1 | . . . 15 Device 1 | . . . 16 Storage 14 | . 18 14 11 Protection 11 | . 8 14 5 Energy Cannon 9 | . 7 9 11 Ballistic Gun 14 | . 20 12 11 Ballistic Cannon 4 | . . 5 11 Peak Build Rating 23 | 6 9 14 23 Average Rating 10 | 5 8 10 19 On Entrance 7 | . 6 9 14 Naked Turns . | . . . . Heaviest Build 48 | 12 20 27 48 Greatest Support 40 | 40 40 40 40 Greatest Overweight (x) 3 | . . . 3 Average Overweight (x) . | . . . . Largest Inventory Capacity 15 | 8 8 8 15 Average Capacity 8 | 7 8 8 8 Most Carried 9 | 6 8 8 9 Average Carried 7 | 4 7 7 7 Final Capacity 8 | 8 8 8 8 Final Carried 8 | 6 8 8 7 Class Distribution -------------------- 90% | Mutant 9% | Tank Dominant Class ---------------- Mutant | -10/Materials Mutant | -10/Mines Tank | -9/Materials Resources | -11 -10 -10 -9 ----------- Run | Yrd Mat Min Mat Matter Collected 458 | 219 121 118 . Remotely . | . . . . Salvage Created 387 | . 263 124 . Parts 33 | . 17 16 . Haulers Intercepted 1 | . 1 . . Recyclers Shooed . | . . . . Parts Field Recycled . | . . . . Retrieved Matter . | . . . . Parts Self-Destructed . | . . . . Prevented . | . . . . Kills | -11 -10 -10 -9 ------- Run | Yrd Mat Min Mat Combat Hostiles Destroyed 11 | . 4 7 . Guns 2 | . 2 . . Cannons 3 | . 2 1 . AOE 6 | . . 6 . Classes Destroyed 7 | . 4 3 . Worker 1 | . 1 . . Tunneler 1 | . . 1 . Hauler 1 | . 1 . . Watcher 1 | . 1 . . Swarmer 6 | . . 6 . Grunt 4 | . 4 . . Sentry 1 | . . 1 . Best Kill Streak 4 | . 2 4 . Combat Bots Only 3 | . 2 3 . Max Kills in Single Turn 4 | . 1 4 . Gunslinging . | . . . . Exploded 3 | . . 3 . Melee . | . . . . Uniques/NPCs Destroyed . | . . . . Combat | -11 -10 -10 -9 -------- Run | Yrd Mat Min Mat Hostile Shots Fired 25 | . 11 14 . Missed 8 | . 4 4 . Damage Taken 170 | . 79 91 . Core 21 | . 11 10 . Absorbed by Shields . | . . . . Core Remaining (%) 95 | 100 . 91 . Volleys Fired 23 | . 17 6 . Largest 2 | . 2 2 . Hottest 117 | . 80 117 . Shots Fired 46 | . 34 12 . Gun 35 | . 30 5 . Cannon 9 | . 4 5 . Launcher 2 | . . 2 . Special . | . . . . Kinetic 36 | . 30 6 . Thermal 8 | . 4 4 . Explosive 2 | . . 2 . Electromagnetic . | . . . . Robot Hit Streak 8 | . 8 3 . Robot Miss Streak 4 | . 4 3 . Penetration Max . | . . . . Secondary Targets . | . . . . Shots Hit Robots 23 | . 19 4 . Core Hits 18 | . 8 10 . Critical Kills . | . . . . Critical Parts Destroyed . | . . . . Critical Strikes . | . . . . Melee Attacks . | . . . . Impact . | . . . . Slashing . | . . . . Piercing . | . . . . Sneak Attacks . | . . . . Combat Hostiles . | . . . . Follow-up Attacks . | . . . . Damage Inflicted 586 | . 268 318 . Guns 230 | . 215 15 . Cannons 95 | . 53 42 . Explosions 261 | . . 261 . Melee . | . . . . Ramming . | . . . . Kinetic 255 | . 215 40 . Thermal 70 | . 53 17 . Explosive 261 | . . 261 . Electromagnetic . | . . . . Impact . | . . . . Slashing . | . . . . Piercing . | . . . . Highest Corruption . | . . . . Average Corruption . | . . . . Corruption Purged . | . . . . Corruption Blocked . | . . . . Overload Shots . | . . . . Overflow Damage . | . . . . Projectiles . | . . . . Explosions . | . . . . Melee . | . . . . Knockbacks . | . . . . Impact . | . . . . Kinetic . | . . . . Secondary . | . . . . Self-Inflicted Damage . | . . . . Shots . | . . . . Rammed . | . . . . Targets Rammed . | . . . . Kicked . | . . . . Crushed . | . . . . Highest Temperature 72 | . 44 72 . Average Temperature 24 | . 17 29 . Received Heat Transfer 51 | . 42 9 . Siege Activations . | . . . . Robots Corrupted . | . . . . Combat Hostiles . | . . . . Parts Fried . | . . . . Impact Corruptions . | . . . . Robots Melted . | . . . . Combat Hostiles . | . . . . Parts Melted 1 | . 1 . . Heat Transferred 148 | . 111 37 . Parts Sabotaged . | . . . . Parts Stolen . | . . . . Parts Stripped . | . . . . Power Chain Reactions . | . . . . Alert | -11 -10 -10 -9 ------- Run | Yrd Mat Min Mat Peak Influence 277 | . 136 277 . Initial 52 | . . 52 . Average 60 | . 51 90 . Maximum Alert Level 1 | . . 1 . Low Security (%) 95 | 100 100 91 100 Level 1 4 | . . 8 . Level 2 . | . . . . Level 3 . | . . . . Level 4 . | . . . . Level 5 . | . . . . High Security . | . . . . Max Security . | . . . . Squads Dispatched 3 | . 2 . 1 Investigation 2 | . 1 . 1 Extermination . | . . . . Reinforcement 1 | . 1 . . Assault . | . . . . Garrison . | . . . . Intercept . | . . . . Searches Triggered . | . . . . Construction Impeded . | . . . . Haulers Reinforced . | . . . . Active Scanning Responses . | . . . . Cargo Convoy Interrupts . | . . . . Stealth | -11 -10 -10 -9 --------- Run | Yrd Mat Min Mat Distress Signals . | . . . . Communications Jammed . | . . . . Distress Signals . | . . . . Times Spotted 14 | . 8 6 . Peak Tracking Total 3 | . 3 3 1 Tactical Retreats . | . . . . Traps | -11 -10 -10 -9 ------- Run | Yrd Mat Min Mat Traps Triggered 2 | . 1 . 1 Indirectly . | . . . . Trap Hack Attempts . | . . . . Triggered . | . . . . Disarmed . | . . . . Reprogrammed . | . . . . Reused . | . . . . Traps Extracted . | . . . . Installed . | . . . . Triggered . | . . . . Machines | -11 -10 -10 -9 ---------- Run | Yrd Mat Min Mat Machines Disabled 4 | . . 4 . Max in Single Turn 4 | . . 4 . Machines Repaired . | . . . . Machines Dismantled . | . . . . Machines Sabotaged . | . . . . Overloaded Fab Kills . | . . . . Hacking | -11 -10 -10 -9 --------- Run | Yrd Mat Min Mat Machines Accessed 2 | . 2 . . Terminals 1 | . 1 . . Fabricators . | . . . . Repair Stations . | . . . . Recycling Units 1 | . 1 . . Scanalyzers . | . . . . Garrison Access . | . . . . Total Hacks 5 | . 5 . . Successful 4 | . 4 . . Failed 1 | . 1 . . Catastrophic . | . . . . Database Lockouts . | . . . . Manual 1 | . 1 . . Terminals 4 | . 4 . . Fabricators . | . . . . Repair Stations . | . . . . Recycling Units 1 | . 1 . . Scanalyzers . | . . . . Garrison Access . | . . . . Terminal Hacks 3 | . 3 . . Record 3 | . 3 . . Fabricator Hacks . | . . . . Repair Station Hacks . | . . . . Recycling Unit Hacks 1 | . 1 . . Report Inventory 1 | . 1 . . Scanalyzer . | . . . . Garrison Access Hacks . | . . . . Unauthorized Hacks . | . . . . Terminals . | . . . . Fabricators . | . . . . Repair Stations . | . . . . Recycling Units . | . . . . Scanalyzers . | . . . . Garrison Access . | . . . . Data Cores Recovered . | . . . . Used . | . . . . Hacking Detections 1 | . 1 . . Full Trace Events 1 | . 1 . . Feedback Events . | . . . . Feedback Blocked . | . . . . Robot Schematics Acquired . | . . . . Robots Built . | . . . . Authchips . | . . . . Time . | . . . . Total Robot Build Rating . | . . . . Part Schematics Acquired . | . . . . Parts Built . | . . . . Authchips . | . . . . Time . | . . . . Total Part Build Rating . | . . . . Parts Repaired . | . . . . Time . | . . . . Parts Recycled . | . . . . Recycled Matter . | . . . . Retrieved Matter . | . . . . Retrieved Components . | . . . . Parts Scanalyzed . | . . . . Part Schematics Acquired . | . . . . Parts Damaged . | . . . . Bothacking | -11 -10 -10 -9 ------------ Run | Yrd Mat Min Mat Used RIF Installer . | . . . . Robots Hacked . | . . . . Non-combat . | . . . . Combat . | . . . . Robot Hacks Applied . | . . . . Relay Couplers Released . | . . . . Fabnet Peak Effective % . | . . . . Robots Rewired . | . . . . Allies Hacked . | . . . . Hacks Repelled . | . . . . Allies | -11 -10 -10 -9 -------- Run | Yrd Mat Min Mat Total Allies . | . . . . Largest Group . | . . . . Highest-Rated Group . | . . . . Highest-Rated Ally . | . . . . Total Orders . | . . . . Ally Attacks . | . . . . Total Damage . | . . . . Kills . | . . . . Allies Corrupted . | . . . . Allies Melted . | . . . . Intel | -11 -10 -10 -9 ------- Run | Yrd Mat Min Mat Robot Analysis Total . | . . . . Derelict Logs Recovered 1 | . . 1 . Drone Launches . | . . . . Drone Recoveries . | . . . . Exploration | -11 -10 -10 -9 ------------- Run | Yrd Mat Min Mat Turns Passed 1711 | 274 340 952 145 Spaces Moved 781 | 53 170 487 71 Core 2 | 2 . . . Treads 728 | 51 170 487 20 Legs 51 | . . . 51 Wheels . | . . . . Hover . | . . . . Flight . | . . . . Fastest Speed 50 | 50 160 160 160 Average Speed 161 | 155 160 160 179 Slowest Speed 360 | 160 160 160 360 Overloaded Moves . | . . . . Propulsion Burnouts . | . . . . Robots Hopped . | . . . . Cave-ins Triggered . | . . . . Exploration Rate (%) 31 | 7 26 87 7 Regions Visited 3 Branch Regions 1 Pre-discovered Areas 1 | . . 1 . Known Exits Taken . | . . . . Unknown Exits Taken 3 | 1 1 1 . Scrap Searched 1 | . . 1 . Spaces Dug . | . . . . Terrain Destroyed 21 | . . 21 . Melee . | . . . . Projectile . | . . . . AOE 21 | . . 21 . Terrain Rammed . | . . . . Walls Destroyed . | . . . . Machines Disabled . | . . . . Actions | -11 -10 -10 -9 --------- Run | Yrd Mat Min Mat Total 1184 | 242 209 647 86 Wait 321 | 178 2 141 . Move 778 | 52 169 486 71 Hop . | . . . . Pick Up 19 | 6 9 3 1 Fast Attach 10 | 6 2 . 2 Attach 4 | . 1 1 2 Detach . | . . . . Swap 13 | . 1 6 6 Drop 16 | . 8 4 4 Fire 23 | . 17 6 . Melee . | . . . . Ram . | . . . . Kick . | . . . . Crush . | . . . . Escape Stasis . | . . . . Rewire . | . . . . Trap . | . . . . Miscellaneous . | . . . . Route ------- -11/Scrapyard -10/Materials -10/Mines (discovered 2 exits: [*Mat x2]) -9/Materials History --------- Turn | Location | Event 10 | -11/Scrapyard | Discovered new exit (range 16) 275 | -11/Scrapyard | Entered Materials 312 | -10/Materials | Build established: Mutant 431 | -10/Materials | Discovered new exit (range 15) 615 | -10/Materials | Entered Mines 864 | -10/Mines | Discovered new exit (range 5) 874 | -10/Mines | Discovered new exit (range 8) 904 | -10/Mines | Learned location of Storage (-7) 1052 | -10/Mines | Found a hidden stash of uninstalled traps 1196 | -10/Mines | A weapon hastily lodged in a ceiling crevice suddenly fell to the ground 1249 | -10/Mines | Joined a pair of Derelicts in attacking an 0b10 outpost 1567 | -10/Mines | Entered Materials 1567 | -9/Materials | Evolved 2 slots: Utility x1, Weapon x1 1712 | -9/Materials | Self-destructed Last Messages --------------- 01261_ Dropped Beam Cannon. 01265_ Acquired 2 matter. 01267_ Acquired 56 matter. 01272_ Acquired Targeting Computer. 01279_ RU-9YO(g): "I guess it's a good idea to hang out here and mop up anything else that comes by." 01402_ T-07 Excavator is excavating. PARAMETERS=UTILITY+1,WEAPON+1 LOCATION=UNKNOWN GOAL=ESCAPE 01589_ Acquired Med. Storage Unit. 01607_ Dropped Lgt. Treads. 01608_ Acquired VSS Leg. 01620_ Dropped Aluminum Leg. 01681_ T-07 Excavator is excavating. 01710_ Triggered Alarm Trap. 01710_ An alarm sounds. 01710_ ALERT: Alarm triggered, dispatching investigation squad. Map ----- +----------------------------------------------------+ | ?????????????????????????????????????????????????? | | ?????????????????????????????????????????????????? | | ?????????????????????????????????????????????????? | | ?????????????????????????????????????????????????? | | ?????????????????????????????????????????????????? | | ?????????????????????????????????????????????????? | | ?????????????????????????????????????????????????? | | ?????????????????????????????????????????????????? | | ?????????????????????????????????????????????????? | | ?????????????????????????????????????????????????? | | ???????????????????????????? ??????????????????? | | ???????????????????????????# #?????????????????? | | ???????????????????????????# #?????????????????? | | ???????????????????????????# #?????????????????? | | ???????????????????????????# +?????????????????? | | ???????????????????????????+ #?????????????????? | | ???????????????????????????# #?????????????????? | | ???????????????????????????# #?????????????????? | | ?????????????????#?????????# #?????????????????? | | ?????????????????# ######### #?????????????????? | | ?????????????????# #??????##?????????? | | ?????????????????# #????? #?????????? | | ?????????????????# ###### #?????????? | | ?????????????????# #?????????? | | ?????????????????+ #????????????? | | ?????????????????# @ #????????????? | | ?????????????????########### #### #????????????? | | ???????????????????????????# #??# #????????????? | | ???????????????????######??# #??# #????????????? | | ??????????????????##! ! ##?# #??# #????????????? | | ?????????????######! !#?# ####+#####????????? | | ?????????????#!! ## #?# # #????????? | | ?????????????#!! ## ### # #????????? | | ?????????????#= = # #????????? | | ?????????????#=== # #????????? | | ?????????????#!= + #????????? | | ?????????????#!! #+#+####### # #????????? | | ?????????????##### #??# # #????????? | | ?????????????????# #??##### #????????? | | ?????????????????# """ #??????# #????????? | | ?????????????????# """ #??????##########????????? | | ?????????????????# """ #????????????????????????? | | ?????????????????# #????????????????????????? | | ?????????????????########????????????????????????? | | ?????????????????????????????????????????????????? | | ?????????????????????????????????????????????????? | | ?????????????????????????????????????????????????? | | | | | | | +----------------------------------------------------+ Best States ------------- Heat Dissipation 38 Energy Generation 10 Energy Capacity 250 Matter Stores 300 Matter Capacity 350 Sight Range 16 Terrain Scan Density 10 Armor Coverage 225 Evasion (%) 40 Recoil Reduction 2 Item Schematics ----------------- None Robot Schematics ------------------ None Fabricated ------------ Nothing Alien Tech Used ----------------- None Achievements -------------- None Challenges ------------ None Game ------ Seed ImpulseDefenseScrap Manual? 0 Play Time 00:17:51 Cumulative 8.4 hours Start 2025.01.06 @ 13:02:27 End 2025.01.06 @ 20:31:19 Sessions 3 Manual Loads 0 Difficulty Rogue Special Mode None Game No. 22 Rogue 17 Adventurer 5 Explorer 0 Win Type - Total 0 Types 0/0/0/0/0/0/0/0/0 Lore% 2 Gallery% 15 Achievement% 11 Wizard Run 0 Options --------- Layout 1 ASCII 0 Keyboard 0 Movement Mouse Keybinds 0 Fullscreen 1 Font 24/Smallcaps Map View 50x35 Zoom Use 0% Tactical HUD 1 Map Filters NONE Filters NONE Steam 1 RUN: cc889234-8286-4c97-9cff-3e923d8684d6